 Dungeon Crawl Stone Soup version 0.30-a0-166-g5d06c95188 (webtiles) character file.

Game seed: 14613377370658005573

691 qw the Chopper (level 7, -1/44 HPs)
             Began as a Gargoyle Fighter on Sept 29, 2022.
             Slain by Duvessa
             ... wielding a +6 short sword of draining
              (13 damage)
             ... on level 5 of the Dungeon.
             The game lasted 00:01:49 (5150 turns).

qw the Chopper (Gargoyle Fighter)                   Turns: 5150, Time: 00:01:50

Health: -1/44      AC: 20    Str: 21    XL:     7   Next: 63%
Magic:  7/7        EV:  7    Int:  9    God:
Gold:   208        SH:  4    Dex:  9    Spells: 6/6 levels left

rFire   + + .      SeeInvis .    Y - +0 war axe (vorpal)
rCold   + + .      Faith    .    c - +0 buckler
rNeg    + + .      Spirit   .    j - +3 chain mail {rF+}
rPois   inf        Reflect  .    h - +0 helmet
rElec   +          Harm     .    (no cloak)
rCorr   +          Rampage  .    (no gloves)
Will    .....                    l - +1 pair of boots of the Worm {rPois rC++ rN+ rCorr}
Stlth   ..........               (no amulet)
HPRegen 0.14/turn                g - ring of protection from fire
MPRegen 0.10/turn                (no ring)

@: no status effects
A: sickness immunity, AC +4, negative energy resistance 1, electricity
resistance, torment resistance 1, petrification resistance
a: no special abilities


You were on level 5 of the Dungeon.
You visited 1 branch of the dungeon, and saw 5 of its levels.

You collected 208 gold pieces.


Innate Abilities, Weirdness & Mutations

You are immune to sickness and miasma.
Your stone body is resilient. (AC +4)
You are immune to poison.
You resist negative energy. (rN+)
You are resistant to electric shocks. (rElec)
You are resistant to unholy torment.
You are immune to petrification.


   Skills:
 + Level 4.4 Fighting
 - Level 7.0 Axes
 - Level 3.2 Armour
 - Level 1.1 Dodging
 - Level 3.2 Shields


You had 6 spell levels left.
You didn't know any spells.
Your spell library was empty.

Inventory:

Hand Weapons
 f - a +0 flail
 Y - a +0 vorpal war axe (weapon)
Missiles
 n - 2 boomerangs (quivered)
Armour
 c - a +0 buckler (worn)
 h - a +0 helmet (worn)
 j - a +3 chain mail of fire resistance (worn)
 l - the +1 pair of boots of the Worm (worn) {rPois rC++ rN+ rCorr}
   (You found it on level 4 of the Dungeon)

   rC:        It greatly protects you from cold.
   rPois:     It protects you from poison.
   rN:        It protects you from negative energy.
   rCorr:     It protects you from acid and corrosion.
Jewellery
 g - a ring of protection from fire (left hand)
Scrolls
 a - 2 scrolls of identify
Potions
 b - 3 potions of heal wounds
 d - 2 potions of might
 e - a potion of lignification
 i - 2 potions of curing {unknown}
 k - a potion of attraction
 m - a potion of resistance {unknown}
 o - a potion of mutation {unknown}

Dungeon Overview and Level Annotations

Branches:
Dungeon (5/15)
 Temple: D:4-7

Altars:

Annotations:
D:5 Dowan, Duvessa


Message History

Duvessa closely misses you.
The phantom hits you but does no damage.
Duvessa says, "Where magic fails, the sword succeeds!"
You block Duvessa's attack.
The phantom hits you but does no damage.
Dowan casts a spell.
Dowan blinks!
You hit the phantom.
The phantom is moderately damaged.
You hit Duvessa. The phantom completely misses you.
Duvessa hits you with a +6 short sword of draining!
You slash the phantom!
The phantom is almost destroyed.
You slash Duvessa!
The phantom hits you but does no damage.
Duvessa hits you but does no damage.
You barely miss the phantom.
The phantom is almost destroyed.
You barely miss Duvessa.
The phantom hits you but does no damage.
Duvessa barely misses you.
You miss the phantom.
The phantom is almost destroyed.
You barely miss Duvessa.
Duvessa hits you with a +6 short sword of draining.
The phantom hits you but does no damage.
You slash the phantom!
You destroy the phantom!
You hit Duvessa.
Duvessa hits you with a +6 short sword of draining.
Your Axes skill increases to level 7!
You barely miss Duvessa.
Duvessa is severely wounded.
Duvessa hits you with a +6 short sword of draining.
You hit Duvessa but do no damage.
Duvessa is severely wounded.
Duvessa closely misses you.
Duvessa hits you with a +6 short sword of draining!
You die...

###.....###....###
#.........#.##.#
#.#.#.#.....##.#
.#+#...#.#...#..#
.....###+##.#..##
.....<..........#
............#...#
............#...####
..##....##......@e.#
#.
#....##..............
#
#....##.#............
#....#..####.###.....
#...... #.# ..... #..
.e.. ### ... ...


You could see Duvessa and Dowan.

Vanquished Creatures
  2 ogres (D:4)
  A phantom (D:5)
  2 scorpions
  A jelly (D:5)
  Jessica (D:2)
  An iguana (D:4)
  Terence (D:2)
  4 gnolls (D:4)
  7 adders
  3 worms
  A dart slug (D:2)
  19 orcs
  10 ball pythons
  5 bats
  10 endoplasms
  2 giant cockroaches (D:4)
  6 goblins
  7 hobgoblins
  A quokka (D:1)
  A frilled lizard (D:1)
  8 kobolds
  2 rats
95 creatures vanquished.

Vanquished Creatures (others)
  7 plants (D:2)
7 creatures vanquished.

Grand Total: 102 creatures vanquished

Notes
Turn   | Place    | Note
-------+----------+-------------------------------------------
     0 | D:1      | qw the Gargoyle Fighter began the quest for the Orb.
     0 | D:1      | Reached XP level 1. HP: 14/14 MP: 1/1
     0 | D:1      | 0 ||| qw: Version: 0.2-a-12-gaebbb33
     0 | D:1      | 0 ||| qw: Game counter: 1017
     0 | D:1      | 0 ||| qw: Always use a shield: true
     0 | D:1      | 0 ||| qw: God list: Okawaru
     0 | D:1      | 0 ||| qw: Allow faded altars: false
     0 | D:1      | 0 ||| qw: Do Orc after D:15 true
     0 | D:1      | 0 ||| qw: Do second Lair branch before Depths: true
     0 | D:1      | 0 ||| qw: Lair rune preference: random
     0 | D:1      | 0 ||| qw: Plans: Normal, Zot:1-4, God:TSO, Crypt, Tomb,
                  | Pan, Slime:5, Hells, Abyss, Orb
     0 | D:1      | 0 ||| PLANNING D:1-11
    84 | D:1      | Reached skill level 2 in Axes
   124 | D:1      | Reached XP level 2. HP: 19/19 MP: 2/2
   354 | D:1      | Found a faded altar of an unknown god.
   644 | D:1      | 644 ||| DROPPING +0 club.
   667 | D:1      | 667 ||| UPGRADING to ring of protection from fire.
   668 | D:1      | 668 ||| DRINKING 2 sedimented white potions.
   669 | D:1      | 669 ||| DROPPING potion of degeneration.
   752 | D:2      | 752 ||| Stepping ~*~*~tactically~*~*~ (stealth).
   808 | D:2      | Reached skill level 3 in Axes
   822 | D:2      | 822 ||| FLEEEEING.
   834 | D:2      | 834 ||| FLEEEEING.
   836 | D:2      | 836 ||| STAIRDANCE
   903 | D:1      | 903 ||| READING scroll labelled YLOSKEUROEL.
   908 | D:2      | Reached XP level 3. HP: 23/23 MP: 3/3
  1353 | D:2      | Noticed Terence
  1363 | D:2      | Killed Terence
  1364 | D:2      | Reached XP level 4. HP: 19/28 MP: 4/4
  1461 | D:2      | 1461 ||| DROPPING +0 whip.
  1569 | D:2      | Reached skill level 4 in Axes
  1742 | D:2      | 1742 ||| Stepping ~*~*~tactically~*~*~ (stealth).
  1743 | D:2      | 1743 ||| Stepping ~*~*~tactically~*~*~ (stealth).
  1744 | D:2      | 1744 ||| Stepping ~*~*~tactically~*~*~ (stealth).
  1762 | D:2      | Noticed Jessica
  1763 | D:2      | 1763 ||| Stepping ~*~*~tactically~*~*~ (hiding).
  1770 | D:2      | Killed Jessica
  1936 | D:2      | 1936 ||| Stepping ~*~*~tactically~*~*~ (stealth).
  1937 | D:2      | 1937 ||| Stepping ~*~*~tactically~*~*~ (stealth).
  1938 | D:2      | 1938 ||| Stepping ~*~*~tactically~*~*~ (stealth).
  1999 | D:2      | 1999 ||| Stepping ~*~*~tactically~*~*~ (stealth).
  2008 | D:2      | Reached XP level 5. HP: 32/32 MP: 5/5
  2046 | D:2      | 2046 ||| Stepping ~*~*~tactically~*~*~ (hiding).
  2138 | D:2      | 2138 ||| UPGRADING to +3 chain mail of fire resistance.
  2148 | D:2      | 2148 ||| DROPPING +0 scale mail.
  2149 | D:2      | 2149 ||| READING scroll labelled RAMMIUSTR KITY.
  2150 | D:2      | 2150 ||| READING scroll labelled OSEIXK SIFU.
  2324 | D:3      | 2324 ||| Stepping ~*~*~tactically~*~*~ (stealth).
  2751 | D:3      | 2751 ||| READING scroll of brand weapon.
  2751 | D:3      | 2751 ||| BRANDING +0 war axe of protection.
  2974 | D:3      | Reached skill level 5 in Axes
  3491 | D:3      | 3491 ||| UPGRADING to +0 helmet.
  3496 | D:3      | 3496 ||| READING 2 scrolls labelled FUCZEH BYXZO.
  3497 | D:3      | 3497 ||| DRINKING 2 puce potions.
  3552 | D:4      | Noticed an ogre
  3553 | D:4      | 3553 ||| PLANNING SEWER
  3557 | D:4      | Killed an ogre
  3558 | D:4      | Reached XP level 6. HP: 39/39 MP: 6/6
  3677 | D:4      | 3677 ||| Stepping ~*~*~tactically~*~*~ (stealth).
  3744 | D:4      | 3744 ||| Stepping ~*~*~tactically~*~*~ (stealth).
  3798 | D:4      | 3798 ||| Stepping ~*~*~tactically~*~*~ (hiding).
  3810 | D:4      | 3810 ||| FLEEEEING.
  3963 | D:4      | 3963 ||| READING scroll labelled QUOFRU SUSI.
  3968 | D:4      | 3968 ||| Stepping randomly (stuck).
  3995 | D:4      | Reached skill level 6 in Axes
  4176 | D:4      | 4176 ||| RIP SEWER
  4264 | D:4      | 4264 ||| PLANNING D:1-11
  4297 | D:4      | Reached XP level 7. HP: 44/44 MP: 7/7
  4305 | D:4      | Identified the +1 pair of boots of the Worm {rPois rC++ rN+
                  | rCorr}
  4314 | D:4      | Reached skill level 1 in Dodging
  4395 | D:4      | 4395 ||| UPGRADING to +1 pair of boots of the Worm {rPois
                  | rC++ rN+ rCorr}.
  4400 | D:4      | 4400 ||| Stepping randomly (stuck).
  4401 | D:4      | 4401 ||| Stepping randomly (stuck).
  4402 | D:4      | 4402 ||| Stepping randomly (stuck).
  4403 | D:4      | 4403 ||| Stepping randomly (stuck).
  4404 | D:4      | 4404 ||| Stepping randomly (stuck).
  4405 | D:4      | 4405 ||| Stepping randomly (stuck).
  4406 | D:4      | 4406 ||| Stepping randomly (stuck).
  4407 | D:4      | 4407 ||| Stepping randomly (stuck).
  4408 | D:4      | 4408 ||| Stepping randomly (stuck).
  4409 | D:4      | 4409 ||| Stepping randomly (stuck).
  4410 | D:4      | 4410 ||| Stepping randomly (stuck).
  4411 | D:4      | 4411 ||| Stepping randomly (stuck).
  4412 | D:4      | 4412 ||| Stepping randomly (stuck).
  4413 | D:4      | 4413 ||| Stepping randomly (stuck).
  4414 | D:4      | 4414 ||| Stepping randomly (stuck).
  4415 | D:4      | 4415 ||| Stepping randomly (stuck).
  4416 | D:4      | 4416 ||| Stepping randomly (stuck).
  4417 | D:4      | 4417 ||| Stepping randomly (stuck).
  4423 | D:4      | 4423 ||| Stepping randomly (stuck).
  4424 | D:4      | 4424 ||| Stepping randomly (stuck).
  4425 | D:4      | 4425 ||| Stepping randomly (stuck).
  4426 | D:4      | 4426 ||| Stepping randomly (stuck).
  4427 | D:4      | 4427 ||| Stepping randomly (stuck).
  4428 | D:4      | 4428 ||| Stepping randomly (stuck).
  4429 | D:4      | 4429 ||| Stepping randomly (stuck).
  4430 | D:4      | 4430 ||| Stepping randomly (stuck).
  4651 | D:4      | 4651 ||| Stepping ~*~*~tactically~*~*~ (stealth).
  4967 | D:4      | 4967 ||| Stepping ~*~*~tactically~*~*~ (stealth).
  4988 | D:4      | 4988 ||| READING 4 scrolls labelled XOPLEL VEFF.
  4989 | D:4      | 4989 ||| DRINKING 2 emerald potions.
  4990 | D:4      | 4990 ||| READING 2 scrolls of identify.
  4990 | D:4      | 4990 ||| IDENTIFYING pink potion
  4991 | D:4      | 4991 ||| DROPPING 3 scrolls of butterflies.
  5023 | D:5      | Entered Level 5 of the Dungeon
  5024 | D:5      | 5024 ||| STAIRDANCE
  5055 | D:5      | 5055 ||| Stepping ~*~*~tactically~*~*~ (stealth).
  5136 | D:5      | Noticed Duvessa
  5136 | D:5      | Noticed Dowan
  5149 | D:5      | Reached skill level 7 in Axes
  5150 | D:5      | Slain by Duvessa

Levels and vault maps discovered:
D:1:      lightli_iron_boxes, layout_rooms, ebering_ecumenical_altar_mist
D:2:      layout_loops_ring, minmay_shallow_snake_nest, uniq_terence,
          uniq_jessica
D:3:      layout_basic, nicolae_kite_square_tiling_tiny,
          hangedman_feature_mirror
D:4:      layout_basic, serial_co_window_serial, co_window_of_opportunity_a,
          co_window_paths_a, co_window_corner_a, co_window_of_opportunity_a,
          co_window_paths_a, co_window_corner_b, co_window_paths_c,
          co_window_2corner, co_window_of_opportunity_c, co_window_corner_b,
          co_window_2corner, co_window_broadway_a, co_window_4corner_a,
          glass_columns_b, glass_columns_b, portal_sewer_entry_e,
          hangedman_glass_teeth, minmay_manual_maat
D:5:      layout_basic, hangedman_abyss_or_decor_passed, uniq_eustachio,
          uniq_sigmund, uniq_duvessa

Skill      XL: |  1  2  3  4  5  6  7 |
---------------+----------------------+-----
Axes           | 2 3 4 5 6 7 |  7.0
Fighting       | 4 |  4.4
Dodging        | 1 |  1.1
Armour         | |  3.2
Shields        | |  3.2

Action                   |  1- 3 |  4- 6 |  7- 9 || total
-------------------------+-------+-------+-------++-------
Melee: War axe           |    80 |   155 |    57 ||   292
Throw: Boomerang         |       |    12 |    15 ||    27
  Use: Scroll            |     1 |     5 |     2 ||     8
       Potion            |     1 |     1 |     1 ||     3
Armor: Scale mail        |    29 |    28 |       ||    57
       Chain mail        |       |    47 |    20 ||    67
Dodge: Dodged            |    40 |    56 |    18 ||   114
Block: Buckler           |    12 |    18 |    10 ||    40

Table legend:
 A = Non-vault XP
 B = Vault XP
 C = Vault XP percentage of total XP
 D = Non-vault monster count
 E = Vault monster count
 F = Vault count percentage of total count
                 A         B        C        D         E       F
            +---------+---------+-------+---------+---------+-------
      Total |     886 |     102 |  10.3 |      89 |       6 |   6.3
            +---------+---------+-------+---------+---------+-------
        D:1 |      23 |       0 |   0.0 |      14 |       0 |   0.0
        D:2 |      59 |      89 |  60.1 |      17 |       5 |  22.7
        D:3 |     132 |       0 |   0.0 |      18 |       0 |   0.0
        D:4 |     511 |      13 |   2.5 |      34 |       1 |   2.9
        D:5 |     161 |       0 |   0.0 |       6 |       0 |   0.0
            +---------+---------+-------+---------+---------+-------
